Workbook

Sheet ГП-215
J1: Приложение №
J2: к Договору подряда №
A4: ПОДРЯДЧИК: | E4: ТЕХНИЧЕСКИЙ ЗАКАЗЧИК: | H4: ЗАКАЗЧИК:
E6: ООО "Технический заказчик "ЭНКО" | H6: ООО "ЭНКО СТРОЙ"
A8: ______________/ | E8: _____________/ С.И. Ярков | H8: _________________/ С.И. Ярков
A11: Локальный сметный расчет №2
A12: Объект: «Жилой район «Преображенский» в г. Тюмени. Квартал 8. Участок 72:17:1313004:1005. Многоэтажный жилой дом с нежилыми помещениями ГП-72.215»
A14: № | B14: Наименование | C14: Марка/ Завод изготовитель | D14: Характеристика | E14: Ед. изм. | F14: Кол-во | G14: Цена за ед. | H14: Сумма | I14: Примечание | J14: Форма закупа материала
A15: 05 | B15: Фасад
A16: 05.05 | B16: Освещение фасада
A17: 05.05.01 | B17: Прокладка кабеля, трубы
A18: 05.05.01.00 | B18: Прокладка кабеля, трубы | H18: =H19+H34 -> 0
B19: Работа: | H19: =SUM(H20:H33) -> 0
B20: Прокладка кабеля тип 1 | E20: м | F20: =F35 -> 10 | G20: =VLOOKUP(B20,Работы!$B$8:$F$27,4,0) -> 0 | H20: =G20*F20 -> 0 | I20: ВВГнг(А)-LS-0,66 5х6
B21: Прокладка кабеля тип 2 | E21: м | F21: =F36 -> 270 | G21: =VLOOKUP(B21,Работы!$B$8:$F$27,4,0) -> 0 | H21: =G21*F21 -> 0 | I21: ВВГнг(А)-LS-0,66 5х2,5
B22: Прокладка кабеля тип 3 | E22: м | F22: =F37 -> 55 | G22: =VLOOKUP(B22,Работы!$B$8:$F$27,4,0) -> 0 | H22: =G22*F22 -> 0 | I22: ВВГнг(А)-LS-0,66 4х2,5
B23: Прокладка кабеля тип 4 | E23: м | F23: =F38 -> 260 | G23: =VLOOKUP(B23,Работы!$B$8:$F$27,4,0) -> 0 | H23: =G23*F23 -> 0 | I23: ВВГнг(А)-LS-0,66 3х2,5
B24: Прокладка кабеля тип 5 | E24: м | F24: =F39 -> 1295 | G24: =VLOOKUP(B24,Работы!$B$8:$F$27,4,0) -> 0 | H24: =G24*F24 -> 0 | I24: ВВГнг(А)-LS-0,66 2х2,5
B25: Прокладка кабеля тип 6 | E25: м | F25: =F40 -> 60 | G25: =VLOOKUP(B25,Работы!$B$8:$F$27,4,0) -> 0 | H25: =G25*F25 -> 0 | I25: ВВГнг(А)-LS-0,66 2х1,5
B26: Прокладка кабеля тип 7 | E26: м | F26: =F41 -> 100 | G26: =VLOOKUP(B26,Работы!$B$8:$F$27,4,0) -> 0 | H26: =G26*F26 -> 0 | I26: FUTP4-C5E-S24-IN-LSZH 4х2х0,51
B27: Прокладка провода тип 1 | E27: м | F27: =F42 -> 10 | G27: =VLOOKUP(B27,Работы!$B$8:$F$27,4,0) -> 0 | H27: =G27*F27 -> 0 | I27: ПуГВнг(А)-LS 1х1,5
B28: Прокладка трубы тип 1 | E28: м | F28: =F43 -> 295 | G28: =VLOOKUP(B28,Работы!$B$8:$F$27,4,0) -> 0 | H28: =G28*F28 -> 0 | I28: ПНД гофрированная стойкая к ультрафиолету, ∅20
B29: Прокладка трубы тип 2 | E29: м | F29: =F44 -> 125 | G29: =VLOOKUP(B29,Работы!$B$8:$F$27,4,0) -> 0 | H29: =G29*F29 -> 0 | I29: ПНД гофрированная стойкая к ультрафиолету, ∅25
B30: Прокладка трубы тип 3 | E30: м | F30: =F45 -> 1320 | G30: =VLOOKUP(B30,Работы!$B$8:$F$27,4,0) -> 0 | H30: =G30*F30 -> 0 | I30: ПВХ гофрированная не распространяющая горение, ∅20
B31: Прокладка трубы тип 4 | E31: м | F31: =F46 -> 210 | G31: =VLOOKUP(B31,Работы!$B$8:$F$27,4,0) -> 0 | H31: =G31*F31 -> 0 | I31: ПВХ гофрированная не распространяющая горение, ∅25
B32: Прокладка трубы тип 5 | E32: м | F32: =F47 -> 3 | G32: =VLOOKUP(B32,Работы!$B$8:$F$27,4,0) -> 0 | H32: =G32*F32 -> 0 | I32: ПВХ гофрированная жесткая, ∅25
B33: Монтаж лотка | E33: м | F33: =F48*3 -> 21 | G33: =VLOOKUP(B33,Работы!$B$8:$F$27,4,0) -> 0 | H33: =G33*F33 -> 0
B34: Материалы: | H34: =SUM(H35:H50) -> 0
B35: Кабель тип 1 | C35: ВВГнг(А)-LS-0,66 | D35: 5х6 | E35: м | F35: 10 | G35: =VLOOKUP(B35,Материалы!$B$7:$H$45,6,0) -> 0 | H35: =G35*F35 -> 0 | I35: Возможно применение как плоского, так и круглого кабеля
B36: Кабель тип 2 | C36: ВВГнг(А)-LS-0,66 | D36: 5х2,5 | E36: м | F36: 270 | G36: =VLOOKUP(B36,Материалы!$B$7:$H$45,6,0) -> 0 | H36: =G36*F36 -> 0 | I36: Возможно применение как плоского, так и круглого кабеля
B37: Кабель тип 3 | C37: ВВГнг(А)-LS-0,66 | D37: 4х2,5 | E37: м | F37: 55 | G37: =VLOOKUP(B37,Материалы!$B$7:$H$45,6,0) -> 0 | H37: =G37*F37 -> 0 | I37: Возможно применение как плоского, так и круглого кабеля
B38: Кабель тип 4 | C38: ВВГнг(А)-LS-0,66 | D38: 3х2,5 | E38: м | F38: 260 | G38: =VLOOKUP(B38,Материалы!$B$7:$H$45,6,0) -> 0 | H38: =G38*F38 -> 0 | I38: Возможно применение как плоского, так и круглого кабеля
B39: Кабель тип 5 | C39: ВВГнг(А)-LS-0,66 | D39: 2х2,5 | E39: м | F39: 1295 | G39: =VLOOKUP(B39,Материалы!$B$7:$H$45,6,0) -> 0 | H39: =G39*F39 -> 0 | I39: Возможно применение как плоского, так и круглого кабеля
B40: Кабель тип 6 | C40: ВВГнг(А)-LS-0,66 | D40: 2х1,5 | E40: м | F40: 60 | G40: =VLOOKUP(B40,Материалы!$B$7:$H$45,6,0) -> 0 | H40: =G40*F40 -> 0 | I40: Возможно применение как плоского, так и круглого кабеля
B41: Кабель тип 7 | C41: FUTP4-C5E-S24-IN-LSZH | D41: 4х2х0,51 | F41: 100 | G41: =VLOOKUP(B41,Материалы!$B$7:$H$45,6,0) -> 0 | H41: =G41*F41 -> 0
B42: Провод тип 1 | C42: ПуГВнг(А)-LS | D42: 1х1,5 | E42: м | F42: 10 | G42: =VLOOKUP(B42,Материалы!$B$7:$H$45,6,0) -> 0 | H42: =G42*F42 -> 0 | I42: ЩАХО
B43: Труба тип 1 | C43: Промрукав | D43: ПНД гофрированная стойкая к ультрафиолету, ∅20 | E43: м | F43: 295 | G43: =VLOOKUP(B43,Материалы!$B$7:$H$45,6,0) -> 0 | H43: =G43*F43 -> 0
B44: Труба тип 2 | C44: Промрукав | D44: ПНД гофрированная стойкая к ультрафиолету, ∅25 | E44: м | F44: 125 | G44: =VLOOKUP(B44,Материалы!$B$7:$H$45,6,0) -> 0 | H44: =G44*F44 -> 0
B45: Труба тип 3 | C45: Промрукав | D45: ПВХ гофрированная не распространяющая горение, ∅20 | E45: м | F45: 1320 | G45: =VLOOKUP(B45,Материалы!$B$7:$H$45,6,0) -> 0 | H45: =G45*F45 -> 0
B46: Труба тип 4 | C46: Промрукав | D46: ПВХ гофрированная не распространяющая горение, ∅25 | E46: м | F46: 210 | G46: =VLOOKUP(B46,Материалы!$B$7:$H$45,6,0) -> 0 | H46: =G46*F46 -> 0
B47: Труба тип 5 | C47: Промрукав | D47: ПВХ гофрированная жесткая, ∅25 | E47: м | F47: 3 | G47: =VLOOKUP(B47,Материалы!$B$7:$H$45,6,0) -> 0 | H47: =G47*F47 -> 0 | I47: Проходы через стены и перекрытия
B48: Лоток кабельный (шт) | C48: DKC | D48: Неперфорированный лоток 100x50x3000 | E48: шт | F48: 7 | G48: =VLOOKUP(B48,Материалы!$B$7:$H$45,6,0) -> 0 | H48: =G48*F48 -> 0
B49: Крышка для кабельного лотка | C49: DKC | D49: Крышка на лоток 100x3000 | E49: шт | F49: 7 | G49: =VLOOKUP(B49,Материалы!$B$7:$H$45,6,0) -> 0 | H49: =G49*F49 -> 0
B50: Стойка кабельная | D50: Комплект Н-образных рам 305мм | E50: шт | F50: 14 | G50: =VLOOKUP(B50,Материалы!$B$7:$H$45,6,0) -> 0 | H50: =G50*F50 -> 0
A51: 05.05.02 | B51: Установка оборудования
A52: 05.05.02.00 | B52: Установка оборудования | H52: =H53+H57 -> 0
B53: Работа: | H53: =SUM(H54:H56) -> 0
B54: Пробивка отверстий | E54: шт | F54: =SUM(F58:F63) -> 234 | G54: =VLOOKUP(B54,Работы!$B$8:$F$27,4,0) -> 0 | H54: =G54*F54 -> 0
B55: Установка архитектурной подсветки фасада | E55: шт | F55: =SUM(F58:F63) -> 234 | G55: =VLOOKUP(B55,Работы!$B$8:$F$27,4,0) -> 0 | H55: =G55*F55 -> 0
B56: Монтаж щита | E56: шт | F56: =SUM(F64:F66) -> 15 | G56: =VLOOKUP(B56,Работы!$B$8:$F$27,4,0) -> 0 | H56: =G56*F56 -> 0
B57: Материалы: | H57: =SUM(H58:H68) -> 0
B58: Архитектурная подсветка | C58: Range LINE-2019 | D58: Светильник светодиодный линейный , 12 Вт, 24 В, 1м, 120 град., 4000К, 48 LED | E58: шт | F58: 107 | G58: =VLOOKUP(B58,Материалы!$B$7:$H$45,6,0) -> 0 | H58: =G58*F58 -> 0
B59: Архитектурная подсветка | C59: TUBE M | D59: Светильник светодиодный настенный, 20 Вт, 220 В, 130 град., 4000К | E59: шт | F59: 9 | G59: =VLOOKUP(B59,Материалы!$B$7:$H$45,6,0) -> 0 | H59: =G59*F59 -> 0
B60: Архитектурная подсветка | C60: Range FOCUS-3632 | D60: Светильник светодиодный узколучевой, 16 Вт, 48 В, 0,67 м, 10 град., 4000К, 16 LED | E60: шт | F60: 60 | G60: =VLOOKUP(B60,Материалы!$B$7:$H$45,6,0) -> 0 | H60: =G60*F60 -> 0
B61: Архитектурная подсветка | C61: Range FOCUS-3632 | D61: Светильник светодиодный узколучевой, 16 Вт, 48 В, 0,67 м, 10 град., 2000К, 16 LED | E61: шт | F61: 48 | G61: =VLOOKUP(B61,Материалы!$B$7:$H$45,6,0) -> 0 | H61: =G61*F61 -> 0
B62: Архитектурная подсветка | C62: Range FOCUS-3632 | D62: Светильник светодиодный узколучевой, 12 Вт, 48 В, 0,5 м, 10 град., 4000К, 12 LED | E62: шт | F62: 4 | G62: =VLOOKUP(B62,Материалы!$B$7:$H$45,6,0) -> 0 | H62: =G62*F62 -> 0
B63: Архитектурная подсветка | C63: Range FOCUS-3632 | D63: Светильник светодиодный узколучевой, 12 Вт, 48 В, 0,5 м, 10 град., 2000К, 12 LED | E63: шт | F63: 6 | G63: =VLOOKUP(B63,Материалы!$B$7:$H$45,6,0) -> 0 | H63: =G63*F63 -> 0
B64: Щит фасадного освещения ЩАХО1 | C64: КЭАЗ | D64: ЩРН-п-54 IP41 | E64: шт | F64: 1 | G64: =VLOOKUP(B64,Материалы!$B$7:$H$45,6,0) -> 0 | H64: =G64*F64 -> 0 | I64: ЩАХО1, ЩРН-п-54 OptiBox P-BNK-3-54-IP65, Щит распределительный навесной пластиковый 54 модуля разм. 560(h)х408х153 мм, в состав которого входит: Выключатель нагрузки трехполюсный, In=20А, Ue=400 В - 1шт; Реле напряжения, In=25A, Un=220В - 3шт; Счетчик электрической энергии трехфазный, многотарифный 5(60)А Ics = 4,5 кА - 1шт; Модульный контактор четырехполюсный, 4НО, In=20А - 1шт; Программируемое реле времени с Wi-Fi ЕМ-130, Un=220-240В, In=6A - 1шт; Автоматический выключатель однополюсный, In = 6 A - 2шт; Автоматический выключатель дифференциального тока, четырехполюсный, хар. С, In=6А, Ue=230В, Ics = 4,5 кА, ΔI=30мА - 2шт; Автоматический выключатель дифференциального тока, двухполюсный, хар. С, In=6А, Ue=230В, Ics = 4,5 кА, ΔI=30мА - 2шт; Трехполюсный автоматический выключатель хар. С, In=20А, Ue=230В, Ics = 4,5 кА, ΔI=30мА - 1шт; Реле ограничения пускового тока, In=8 A, Un=230 В, ограничение тока емкостных нагрузок 30 А - 6шт; Винтовой зажим CBD. 4 - 16шт; Торцевой изолятор для винтого зажима CBD. 4 - 1шт; Разделитель для винтого зажима CBD. 4 - 3шт; Шины на Din-рейку в корпусе (кросс-модуль) - 1шт.
B65: Щит распределительный тип1 | C65: IEK | D65: ЩРн-12 IP54 | E65: шт | F65: 6 | G65: =VLOOKUP(B65,Материалы!$B$7:$H$45,6,0) -> 0 | H65: =G65*F65 -> 0 | I65: Щит распределительный для модульной аппаратуры разм. 240(h)х330х120 ЩРн-12 IP54, в состав которого входит: Блок питания, 350Вт, 24В - 1шт; Диммер для регулирования светового потока, 24В - 1шт.
B66: Щит распределительный тип2 | C66: IEK | D66: ЩРн-12 IP54 | E66: шт | F66: 8 | G66: =VLOOKUP(B66,Материалы!$B$7:$H$45,6,0) -> 0 | H66: =G66*F66 -> 0 | I66: Щит распределительный для модульной аппаратуры разм. 240(h)х330х120 ЩРн-12 IP54, в состав которого входит: Блок питания, 350Вт, 48В - 1шт; Диммер для регулирования светового потока, 48В - 1шт.
B67: Роутер | D67: Wi-Fi роутер | E67: шт | F67: 2 | G67: =VLOOKUP(B67,Материалы!$B$7:$H$45,6,0) -> 0 | H67: =G67*F67 -> 0
B68: Прочие материалы (держатель для профиля, держатель для трубы, метизы, коробка ответвительная, клема соединительная, выключатель автоматический, шнур питания) | E68: % | H68: =SUM(H69:H80) -> 0
B69: Крепление | C69: Range FOCUS-3632 | D69: Крепление светильника светодиодного узколучевого Range FOCUS-3632 к фасаду здания, облицованного декоративной штукатуркой | E69: шт | F69: =F60+F61+F62+F63 -> 118 | G69: =VLOOKUP(B69,Материалы!$B$7:$H$45,6,0) -> 0 | H69: =G69*F69 -> 0 | I69: 02043-ЭС25-ЭН2.Н1
B70: Крепление | C70: TUBE M | D70: Крепление светильника светодиодного настенного TUBE M к фасаду здания | E70: шт | F70: =F59 -> 9 | G70: =VLOOKUP(B70,Материалы!$B$7:$H$45,6,0) -> 0 | H70: =G70*F70 -> 0 | I70: 02043-ЭС25-ЭН2.Н2
B71: Крепление | C71: Range LINE-2019 | D71: Крепление светильника светодиодного линейного Range LINE-2019 к парапету здания | E71: шт | F71: =F58 -> 107 | G71: =VLOOKUP(B71,Материалы!$B$7:$H$45,6,0) -> 0 | H71: =G71*F71 -> 0 | I71: 02043-ЭС25-ЭН2.Н3
B72: Коробка распределительная | D72: IP55, 85х85х40мм | E72: шт | F72: 21 | G72: =VLOOKUP(B72,Материалы!$B$7:$H$45,6,0) -> 0 | H72: =G72*F72 -> 0
B73: Коробка распределительная | C73: RUVinil | D73: RUVinil | E73: шт | F73: 118 | G73: =VLOOKUP(B73,Материалы!$B$7:$H$45,6,0) -> 0 | H73: =G73*F73 -> 0
B74: Площадка под стяжку для прямого монтажа | C74: IEK | D74: ПМ 22х16х6 мм | E74: шт | F74: 5572 | G74: =VLOOKUP(B74,Материалы!$B$7:$H$45,6,0) -> 0 | H74: =G74*F74 -> 0
B75: Хомут морозостойкий | C75: IEK | D75: Хкм 3,6х200 | E75: шт | F75: 5572 | G75: =VLOOKUP(B75,Материалы!$B$7:$H$45,6,0) -> 0 | H75: =G75*F75 -> 0
B76: Противопожарная монтажная пена | D76: 750 мл, выход пены на 45 литров | E76: шт | F76: 1 | G76: =VLOOKUP(B76,Материалы!$B$7:$H$45,6,0) -> 0 | H76: =G76*F76 -> 0
B77: Разъем кабельный | D77: Разъем RJ-45 UTP для кабеля категории 5Е | E77: шт. | F77: 5 | G77: =VLOOKUP(B77,Материалы!$B$7:$H$45,6,0) -> 0 | H77: =G77*F77 -> 0
B78: Гвозди | D78: Гвозди для прямого монтажа 3х22 мм, оцинкованные, шт. | E78: шт | F78: 5572 | G78: =VLOOKUP(B78,Материалы!$B$7:$H$45,6,0) -> 0 | H78: =G78*F78 -> 0 | I78: Возможна замена на универсальный дюбель с шурупом 6х30 мм.
B79: Баллон гвоздезабивателя | C79: Toua Premium FCG | D79: Баллон гвоздезабивателя Toua Premium FCG на 1000 гвоздей | E79: шт | F79: 6 | G79: =VLOOKUP(B79,Материалы!$B$7:$H$45,6,0) -> 0 | H79: =G79*F79 -> 0
B80: Клемма 3-проводная прозрачная | C80: WAGO | D80: 0,5-6 мм2 | E80: шт | F80: 133 | G80: =VLOOKUP(B80,Материалы!$B$7:$H$45,6,0) -> 0 | H80: =G80*F80 -> 0
A81: 05.05.03 | B81: ПНР
A82: 05.05.03.00 | B82: Пусконаладочные работы | H82: =H83+H85 -> 0
B83: Работа: | H83: =SUM(H84) -> 0
B84: Пусконаладочные работы освещения фасада | E84: комплекс | F84: 1 | G84: =VLOOKUP(B84,Работы!$B$8:$F$27,4,0) -> 0 | H84: =G84*F84 -> 0
B85: Материалы: | H85: =SUM(H86) -> 0
B86: - | H86: =G86*F86 -> 0
G87: Итого по ЛСР, в тч НДС: | H87: =H82+H52+H18 -> 0 | K87: Либо указать: Без НДС
G88: в тч стоимость работ: | H88: =H83+H53+H19 -> 0
G89: в тч стоимость материалов: | H89: =H85+H57+H34 -> 0
G90: в тч НДС: | K90: Либо указать: нет
B92: Примечание:
A93: - | B93: В пусконаладочных работах учитывать: Протоколы ЭТЛ
A94: - | B94: Стоимость СМР учитывает - затраты на все второстепенные материалы и работы необходимые для осуществления полного комплекса работ, включая затраты: обеспечение технической водой для производства работ и бытовых целей; на мобилизацию, аренду и эксплуатацию всех необходимых механизмов, оборудования и инструментов, бытовых помещений и биотуалетов; на подъем материалов и разноску по этажам к местам производства работ; выполнение сопутствующих работ; вывоз мусора; накладные расходы, прибыль организации, налоги и иные издержки Подрядчика.
A95: - | B95: Стоимость материалов учитывает стоимость доставки
A96: - | B96: В случае, если один из перечисленных прочих материалов не был использован по факту при производстве работ, заказчик вправе откорректировать процент прочих материалов в актах выполненных работ (формы КС-2, КС-3), уменьшив на сумму исключенного материала.
A97: - | B97: Стоимость СМР учитывает аренду фасадного подъемника/услуги альпиниста
A98: - | B98: Установка архитектурной подсветки включает в себя комплекс работ по монтажу кронштейнов и светильников
A99: - | B99: В случае увеличения налоговой нагрузки подрядчика стоимость договора остается фиксированной и изменению не подлежит.

Sheet Работы
A2: Ведомость работ
A4: № | B4: Наименование | C4: Ед. изм. | D4: Кол-во | E4: Цена за ед. | F4: Сумма | G4: Примечание
A5: 05 | B5: Фасад
A6: 05.04 | B6: Освещение фасада
A7: 05.04.01.00 | B7: Прокладка кабеля, трубы | F7: =SUM(F8:F21) -> 0
B8: Прокладка кабеля тип 1 | C8: м | D8: =SUMIF('ГП-215'!$B$14:$B$90,Работы!B8,'ГП-215'!$F$14:$F$86) -> 10 | F8: =E8*D8 -> 0 | G8: ВВГнг(А)-LS-0,66 5х6
B9: Прокладка кабеля тип 2 | C9: м | D9: =SUMIF('ГП-215'!$B$14:$B$90,Работы!B9,'ГП-215'!$F$14:$F$86) -> 270 | F9: =E9*D9 -> 0 | G9: ВВГнг(А)-LS-0,66 5х2,5
B10: Прокладка кабеля тип 3 | C10: м | D10: =SUMIF('ГП-215'!$B$14:$B$90,Работы!B10,'ГП-215'!$F$14:$F$86) -> 55 | F10: =E10*D10 -> 0 | G10: ВВГнг(А)-LS-0,66 4х2,5
B11: Прокладка кабеля тип 4 | C11: м | D11: =SUMIF('ГП-215'!$B$14:$B$90,Работы!B11,'ГП-215'!$F$14:$F$86) -> 260 | F11: =E11*D11 -> 0 | G11: ВВГнг(А)-LS-0,66 3х2,5
B12: Прокладка кабеля тип 5 | C12: м | D12: =SUMIF('ГП-215'!$B$14:$B$90,Работы!B12,'ГП-215'!$F$14:$F$86) -> 1295 | F12: =E12*D12 -> 0 | G12: ВВГнг(А)-LS-0,66 2х2,5
B13: Прокладка кабеля тип 6 | C13: м | D13: =SUMIF('ГП-215'!$B$14:$B$90,Работы!B13,'ГП-215'!$F$14:$F$86) -> 60 | F13: =E13*D13 -> 0 | G13: ВВГнг(А)-LS-0,66 2х1,5
B14: Прокладка кабеля тип 7 | C14: м | D14: =SUMIF('ГП-215'!$B$14:$B$90,Работы!B14,'ГП-215'!$F$14:$F$86) -> 100 | F14: =E14*D14 -> 0 | G14: FUTP4-C5E-S24-IN-LSZH 4х2х0,51
B15: Прокладка провода тип 1 | C15: м | D15: =SUMIF('ГП-215'!$B$14:$B$90,Работы!B15,'ГП-215'!$F$14:$F$86) -> 10 | F15: =E15*D15 -> 0 | G15: ПуГВнг(А)-LS 1х1,5
B16: Прокладка трубы тип 1 | C16: м | D16: =SUMIF('ГП-215'!$B$14:$B$90,Работы!B16,'ГП-215'!$F$14:$F$86) -> 295 | F16: =E16*D16 -> 0 | G16: ПНД гофрированная стойкая к ультрафиолету, ∅20
B17: Прокладка трубы тип 2 | C17: м | D17: =SUMIF('ГП-215'!$B$14:$B$90,Работы!B17,'ГП-215'!$F$14:$F$86) -> 125 | F17: =E17*D17 -> 0 | G17: ПНД гофрированная стойкая к ультрафиолету, ∅25
B18: Прокладка трубы тип 3 | C18: м | D18: =SUMIF('ГП-215'!$B$14:$B$90,Работы!B18,'ГП-215'!$F$14:$F$86) -> 1320 | F18: =E18*D18 -> 0 | G18: ПВХ гофрированная не распространяющая горение, ∅20
B19: Прокладка трубы тип 4 | C19: м | D19: =SUMIF('ГП-215'!$B$14:$B$90,Работы!B19,'ГП-215'!$F$14:$F$86) -> 210 | F19: =E19*D19 -> 0 | G19: ПВХ гофрированная не распространяющая горение, ∅25
B20: Прокладка трубы тип 5 | C20: м | D20: =SUMIF('ГП-215'!$B$14:$B$90,Работы!B20,'ГП-215'!$F$14:$F$86) -> 3 | F20: =E20*D20 -> 0 | G20: ПВХ гофрированная жесткая, ∅25
B21: Монтаж лотка | C21: м | D21: =SUMIF('ГП-215'!$B$14:$B$90,Работы!B21,'ГП-215'!$F$14:$F$86) -> 21 | F21: =E21*D21 -> 0
A22: 05.04.02.00 | B22: Установка оборудования | F22: =SUM(F23:F25) -> 0
B23: Пробивка отверстий | C23: шт | D23: =SUMIF('ГП-215'!$B$14:$B$90,Работы!B23,'ГП-215'!$F$14:$F$86) -> 234 | F23: =E23*D23 -> 0
B24: Установка архитектурной подсветки фасада | C24: шт | D24: =SUMIF('ГП-215'!$B$14:$B$90,Работы!B24,'ГП-215'!$F$14:$F$86) -> 234 | F24: =E24*D24 -> 0
B25: Монтаж щита | C25: шт | D25: =SUMIF('ГП-215'!$B$14:$B$90,Работы!B25,'ГП-215'!$F$14:$F$86) -> 15 | F25: =E25*D25 -> 0
A26: 05.04.03.00 | B26: Пусконаладочные работы | F26: =F27 -> 0
B27: Пусконаладочные работы освещения фасада | C27: комплекс | D27: =SUMIF('ГП-215'!$B$14:$B$90,Работы!B27,'ГП-215'!$F$14:$F$86) -> 1 | F27: =E27*D27 -> 0
E28: Итого стоимость работ: | F28: =F7+F22+F26 -> 0
E29: в тч НДС: | H29: Либо указать: нет
F30: =F28='ГП-215'!H88 -> TRUE
B32: Примечание:
A33: - | B33: В пусконаладочных работах учитывать: Протоколы ЭТЛ
A34: - | B34: Стоимость СМР учитывает - затраты на все второстепенные материалы и работы необходимые для осуществления полного комплекса работ, включая затраты: обеспечение технической водой для производства работ и бытовых целей; на мобилизацию, аренду и эксплуатацию всех необходимых механизмов, оборудования и инструментов, бытовых помещений и биотуалетов; на подъем материалов и разноску по этажам к местам производства работ; выполнение сопутствующих работ; вывоз мусора; накладные расходы, прибыль организации, налоги и иные издержки Подрядчика.
A35: - | B35: Стоимость СМР учитывает аренду фасадного подъемника/услуги альпиниста
A36: - | B36: Установка архитектурной подсветки включает в себя комплекс работ по монтажу кронштейнов и светильников
A37: - | B37: В случае увеличения налоговой нагрузки подрядчика стоимость договора остается фиксированной и изменению не подлежит.

Sheet Материалы
A2: Ведомость материалов
A4: № | B4: Наименование | C4: Марка/ Завод изготовитель | D4: Характеристика | E4: Ед. изм. | F4: Кол-во | G4: Цена за ед. | H4: Сумма | I4: Примечание | J4: Форма закупа материала
A5: 05 | B5: Фасад
A6: 05.04 | B6: Освещение фасада
B7: Кабель тип 1 | C7: ВВГнг(А)-LS-0,66 | D7: 5х6 | E7: м | F7: =SUMIF('ГП-215'!$D$14:$D$86,Материалы!D7,'ГП-215'!$F$14:$F$86) -> 10 | H7: =G7*F7 -> 0 | I7: Возможно применение как плоского, так и круглого кабеля
B8: Кабель тип 2 | C8: ВВГнг(А)-LS-0,66 | D8: 5х2,5 | E8: м | F8: =SUMIF('ГП-215'!$D$14:$D$86,Материалы!D8,'ГП-215'!$F$14:$F$86) -> 270 | H8: =G8*F8 -> 0 | I8: Возможно применение как плоского, так и круглого кабеля
B9: Кабель тип 3 | C9: ВВГнг(А)-LS-0,66 | D9: 4х2,5 | E9: м | F9: =SUMIF('ГП-215'!$D$14:$D$86,Материалы!D9,'ГП-215'!$F$14:$F$86) -> 55 | H9: =G9*F9 -> 0 | I9: Возможно применение как плоского, так и круглого кабеля
B10: Кабель тип 4 | C10: ВВГнг(А)-LS-0,66 | D10: 3х2,5 | E10: м | F10: =SUMIF('ГП-215'!$D$14:$D$86,Материалы!D10,'ГП-215'!$F$14:$F$86) -> 260 | H10: =G10*F10 -> 0 | I10: Возможно применение как плоского, так и круглого кабеля
B11: Кабель тип 5 | C11: ВВГнг(А)-LS-0,66 | D11: 2х2,5 | E11: м | F11: =SUMIF('ГП-215'!$D$14:$D$86,Материалы!D11,'ГП-215'!$F$14:$F$86) -> 1295 | H11: =G11*F11 -> 0 | I11: Возможно применение как плоского, так и круглого кабеля
B12: Кабель тип 6 | C12: ВВГнг(А)-LS-0,66 | D12: 2х1,5 | E12: м | F12: =SUMIF('ГП-215'!$D$14:$D$86,Материалы!D12,'ГП-215'!$F$14:$F$86) -> 60 | H12: =G12*F12 -> 0 | I12: Возможно применение как плоского, так и круглого кабеля
B13: Кабель тип 7 | C13: FUTP4-C5E-S24-IN-LSZH | D13: 4х2х0,51 | F13: =SUMIF('ГП-215'!$D$14:$D$86,Материалы!D13,'ГП-215'!$F$14:$F$86) -> 100 | H13: =G13*F13 -> 0
B14: Провод тип 1 | C14: ПуГВнг(А)-LS | D14: 1х1,5 | E14: м | F14: =SUMIF('ГП-215'!$D$14:$D$86,Материалы!D14,'ГП-215'!$F$14:$F$86) -> 10 | H14: =G14*F14 -> 0 | I14: ЩАХО
B15: Труба тип 1 | C15: Промрукав | D15: ПНД гофрированная стойкая к ультрафиолету, ∅20 | E15: м | F15: =SUMIF('ГП-215'!$D$14:$D$86,Материалы!D15,'ГП-215'!$F$14:$F$86) -> 295 | H15: =G15*F15 -> 0
B16: Труба тип 2 | C16: Промрукав | D16: ПНД гофрированная стойкая к ультрафиолету, ∅25 | E16: м | F16: =SUMIF('ГП-215'!$D$14:$D$86,Материалы!D16,'ГП-215'!$F$14:$F$86) -> 125 | H16: =G16*F16 -> 0
B17: Труба тип 3 | C17: Промрукав | D17: ПВХ гофрированная не распространяющая горение, ∅20 | E17: м | F17: =SUMIF('ГП-215'!$D$14:$D$86,Материалы!D17,'ГП-215'!$F$14:$F$86) -> 1320 | H17: =G17*F17 -> 0
B18: Труба тип 4 | C18: Промрукав | D18: ПВХ гофрированная не распространяющая горение, ∅25 | E18: м | F18: =SUMIF('ГП-215'!$D$14:$D$86,Материалы!D18,'ГП-215'!$F$14:$F$86) -> 210 | H18: =G18*F18 -> 0
B19: Труба тип 5 | C19: Промрукав | D19: ПВХ гофрированная жесткая, ∅25 | E19: м | F19: =SUMIF('ГП-215'!$D$14:$D$86,Материалы!D19,'ГП-215'!$F$14:$F$86) -> 3 | H19: =G19*F19 -> 0 | I19: Проходы через стены и перекрытия
B20: Лоток кабельный (шт) | C20: DKC | D20: Неперфорированный лоток 100x50x3000 | E20: шт | F20: =SUMIF('ГП-215'!$D$14:$D$86,Материалы!D20,'ГП-215'!$F$14:$F$86) -> 7 | H20: =G20*F20 -> 0
B21: Крышка для кабельного лотка | C21: DKC | D21: Крышка на лоток 100x3000 | E21: шт | F21: =SUMIF('ГП-215'!$D$14:$D$86,Материалы!D21,'ГП-215'!$F$14:$F$86) -> 7 | H21: =G21*F21 -> 0
B22: Стойка кабельная | D22: Комплект Н-образных рам 305мм | E22: шт | F22: =SUMIF('ГП-215'!$D$14:$D$86,Материалы!D22,'ГП-215'!$F$14:$F$86) -> 14 | H22: =G22*F22 -> 0
B23: Архитектурная подсветка | C23: Range LINE-2019 | D23: Светильник светодиодный линейный , 12 Вт, 24 В, 1м, 120 град., 4000К, 48 LED | E23: шт | F23: =SUMIF('ГП-215'!$D$14:$D$86,Материалы!D23,'ГП-215'!$F$14:$F$86) -> 107 | H23: =G23*F23 -> 0
B24: Архитектурная подсветка | C24: TUBE M | D24: Светильник светодиодный настенный, 20 Вт, 220 В, 130 град., 4000К | E24: шт | F24: =SUMIF('ГП-215'!$D$14:$D$86,Материалы!D24,'ГП-215'!$F$14:$F$86) -> 9 | H24: =G24*F24 -> 0
B25: Архитектурная подсветка | C25: Range FOCUS-3632 | D25: Светильник светодиодный узколучевой, 16 Вт, 48 В, 0,67 м, 10 град., 4000К, 16 LED | E25: шт | F25: =SUMIF('ГП-215'!$D$14:$D$86,Материалы!D25,'ГП-215'!$F$14:$F$86) -> 60 | H25: =G25*F25 -> 0
B26: Архитектурная подсветка | C26: Range FOCUS-3632 | D26: Светильник светодиодный узколучевой, 16 Вт, 48 В, 0,67 м, 10 град., 2000К, 16 LED | E26: шт | F26: =SUMIF('ГП-215'!$D$14:$D$86,Материалы!D26,'ГП-215'!$F$14:$F$86) -> 48 | H26: =G26*F26 -> 0
B27: Архитектурная подсветка | C27: Range FOCUS-3632 | D27: Светильник светодиодный узколучевой, 12 Вт, 48 В, 0,5 м, 10 град., 4000К, 12 LED | E27: шт | F27: =SUMIF('ГП-215'!$D$14:$D$86,Материалы!D27,'ГП-215'!$F$14:$F$86) -> 4 | H27: =G27*F27 -> 0
B28: Архитектурная подсветка | C28: Range FOCUS-3632 | D28: Светильник светодиодный узколучевой, 12 Вт, 48 В, 0,5 м, 10 град., 2000К, 12 LED | E28: шт | F28: =SUMIF('ГП-215'!$D$14:$D$86,Материалы!D28,'ГП-215'!$F$14:$F$86) -> 6 | H28: =G28*F28 -> 0
B29: Щит фасадного освещения ЩАХО1 | C29: КЭАЗ | D29: ЩРН-п-54 IP41 | E29: шт | F29: =SUMIF('ГП-215'!$D$14:$D$86,Материалы!D29,'ГП-215'!$F$14:$F$86) -> 1 | H29: =G29*F29 -> 0 | I29: ЩАХО1, ЩРН-п-54 OptiBox P-BNK-3-54-IP65, Щит распределительный навесной пластиковый 54 модуля разм. 560(h)х408х153 мм, в состав которого входит: Выключатель нагрузки трехполюсный, In=20А, Ue=400 В - 1шт; Реле напряжения, In=25A, Un=220В - 3шт; Счетчик электрической энергии трехфазный, многотарифный 5(60)А Ics = 4,5 кА - 1шт; Модульный контактор четырехполюсный, 4НО, In=20А - 1шт; Программируемое реле времени с Wi-Fi ЕМ-130, Un=220-240В, In=6A - 1шт; Автоматический выключатель однополюсный, In = 6 A - 2шт; Автоматический выключатель дифференциального тока, четырехполюсный, хар. С, In=6А, Ue=230В, Ics = 4,5 кА, ΔI=30мА - 2шт; Автоматический выключатель дифференциального тока, двухполюсный, хар. С, In=6А, Ue=230В, Ics = 4,5 кА, ΔI=30мА - 2шт; Трехполюсный автоматический выключатель хар. С, In=20А, Ue=230В, Ics = 4,5 кА, ΔI=30мА - 1шт; Реле ограничения пускового тока, In=8 A, Un=230 В, ограничение тока емкостных нагрузок 30 А - 6шт; Винтовой зажим CBD. 4 - 16шт; Торцевой изолятор для винтого зажима CBD. 4 - 1шт; Разделитель для винтого зажима CBD. 4 - 3шт; Шины на Din-рейку в корпусе (кросс-модуль) - 1шт.
B30: Щит распределительный тип1 | C30: IEK | D30: ЩРн-12 IP54 | E30: шт | F30: =SUMIF('ГП-215'!$B$14:$B$86,Материалы!B30,'ГП-215'!$F$14:$F$86) -> 6 | H30: =G30*F30 -> 0 | I30: Щит распределительный для модульной аппаратуры разм. 240(h)х330х120 ЩРн-12 IP54, в состав которого входит: Блок питания, 350Вт, 24В - 1шт; Диммер для регулирования светового потока, 24В - 1шт.
B31: Щит распределительный тип2 | C31: IEK | D31: ЩРн-12 IP54 | E31: шт | F31: =SUMIF('ГП-215'!$B$14:$B$86,Материалы!B31,'ГП-215'!$F$14:$F$86) -> 8 | H31: =G31*F31 -> 0 | I31: Щит распределительный для модульной аппаратуры разм. 240(h)х330х120 ЩРн-12 IP54, в состав которого входит: Блок питания, 350Вт, 48В - 1шт; Диммер для регулирования светового потока, 48В - 1шт.
B32: Роутер | D32: Wi-Fi роутер | E32: шт | F32: =SUMIF('ГП-215'!$D$14:$D$86,Материалы!D32,'ГП-215'!$F$14:$F$86) -> 2 | H32: =G32*F32 -> 0
B33: Прочие материалы (держатель для профиля, держатель для трубы, метизы, коробка ответвительная, клема соединительная, выключатель автоматический, шнур питания) | H33: =SUM(H34:H45) -> 0
B34: Крепление | C34: Range FOCUS-3632 | D34: Крепление светильника светодиодного узколучевого Range FOCUS-3632 к фасаду здания, облицованного декоративной штукатуркой | E34: шт | F34: =SUMIF('ГП-215'!$D$14:$D$86,Материалы!D34,'ГП-215'!$F$14:$F$86) -> 118 | H34: =G34*F34 -> 0 | I34: 02043-ЭС25-ЭН2.Н1
B35: Крепление | C35: TUBE M | D35: Крепление светильника светодиодного настенного TUBE M к фасаду здания | E35: шт | F35: =SUMIF('ГП-215'!$D$14:$D$86,Материалы!D35,'ГП-215'!$F$14:$F$86) -> 9 | H35: =G35*F35 -> 0 | I35: 02043-ЭС25-ЭН2.Н2
B36: Крепление | C36: Range LINE-2019 | D36: Крепление светильника светодиодного линейного Range LINE-2019 к парапету здания | E36: шт | F36: =SUMIF('ГП-215'!$D$14:$D$86,Материалы!D36,'ГП-215'!$F$14:$F$86) -> 107 | H36: =G36*F36 -> 0 | I36: 02043-ЭС25-ЭН2.Н3
B37: Коробка распределительная | D37: IP55, 85х85х40мм | E37: шт | F37: =SUMIF('ГП-215'!$D$14:$D$86,Материалы!D37,'ГП-215'!$F$14:$F$86) -> 21 | H37: =G37*F37 -> 0
B38: Коробка распределительная | C38: RUVinil | D38: RUVinil | E38: шт | F38: =SUMIF('ГП-215'!$D$14:$D$86,Материалы!D38,'ГП-215'!$F$14:$F$86) -> 118 | H38: =G38*F38 -> 0
B39: Площадка под стяжку для прямого монтажа | C39: IEK | D39: ПМ 22х16х6 мм | E39: шт | F39: =SUMIF('ГП-215'!$D$14:$D$86,Материалы!D39,'ГП-215'!$F$14:$F$86) -> 5572 | H39: =G39*F39 -> 0
B40: Хомут морозостойкий | C40: IEK | D40: Хкм 3,6х200 | E40: шт | F40: =SUMIF('ГП-215'!$D$14:$D$86,Материалы!D40,'ГП-215'!$F$14:$F$86) -> 5572 | H40: =G40*F40 -> 0
B41: Противопожарная монтажная пена | D41: 750 мл, выход пены на 45 литров | E41: шт | F41: =SUMIF('ГП-215'!$D$14:$D$86,Материалы!D41,'ГП-215'!$F$14:$F$86) -> 1 | H41: =G41*F41 -> 0
B42: Разъем кабельный | D42: Разъем RJ-45 UTP для кабеля категории 5Е | E42: шт. | F42: =SUMIF('ГП-215'!$D$14:$D$86,Материалы!D42,'ГП-215'!$F$14:$F$86) -> 5 | H42: =G42*F42 -> 0
B43: Гвозди | D43: Гвозди для прямого монтажа 3х22 мм, оцинкованные, шт. | E43: шт | F43: =SUMIF('ГП-215'!$D$14:$D$86,Материалы!D43,'ГП-215'!$F$14:$F$86) -> 5572 | H43: =G43*F43 -> 0 | I43: Возможна замена на универсальный дюбель с шурупом 6х30 мм.
B44: Баллон гвоздезабивателя | C44: Toua Premium FCG | D44: Баллон гвоздезабивателя Toua Premium FCG на 1000 гвоздей | E44: шт | F44: =SUMIF('ГП-215'!$D$14:$D$86,Материалы!D44,'ГП-215'!$F$14:$F$86) -> 6 | H44: =G44*F44 -> 0
B45: Клемма 3-проводная прозрачная | C45: WAGO | D45: 0,5-6 мм2 | E45: шт | F45: =SUMIF('ГП-215'!$D$14:$D$86,Материалы!D45,'ГП-215'!$F$14:$F$86) -> 133 | H45: =G45*F45 -> 0
G46: Итого стоимость материалов: | H46: =SUM(H7:H33) -> 0
G47: в тч НДС: | K47: Либо указать: нет
H48: =H46='ГП-215'!H89 -> TRUE
B50: Примечание:
A51: - | B51: Стоимость материалов учитывает стоимость доставки
A52: - | B52: В случае, если один из перечисленных прочих материалов не был использован по факту при производстве работ, заказчик вправе откорректировать процент прочих материалов в актах выполненных работ (формы КС-2, КС-3), уменьшив на сумму исключенного материала.
A53: - | B53: В случае увеличения налоговой нагрузки подрядчика стоимость договора остается фиксированной и изменению не подлежит.
